 Dungeon Crawl Stone Soup version 0.18.1-48-g4cf74bf (webtiles) character file.

67 Inkary the Twirler (level 3, -3/31 HPs)
             Began as a Minotaur Gladiator on July 29, 2016.
             Was an Initiate of Okawaru.
             Killed from afar by Natasha (6 damage)
             ... with a magic dart
             ... on level 2 of the Dungeon.
             The game lasted 00:03:36 (1223 turns).

Inkary the Twirler (Minotaur Gladiator)             Turns: 1223, Time: 00:03:37

Health: -3/31      AC:  3    Str: 19    XL:     3   Next: 98%
Magic:  2/2        EV: 13    Int:  5    God:    Okawaru [......]
Gold:   92         SH:  0    Dex: 11    Spells: 0 memorised, 2 levels left

rFire  . . .     SeeInvis .     a - +0 quarterstaff
rCold  . . .     Gourm    .     b - +0 leather armour
rNeg   . . .     Faith    .     (shield currently unavailable)
rPois  .         Spirit   .     c - +0 hat
rElec  .         Dismiss  .     (no cloak)
rCorr  .         Reflect  .     (no gloves)
SustAt .         Harm     .     (no boots)
MR     .....                    (no amulet)
Stlth  +.........               (no ring)
                                (no ring)

@: slowed, very slow, not resistant to hostile enchantments, very unstealthy
A: retaliatory headbutt, horns 2
a: Renounce Religion


You were on level 2 of the Dungeon.
You worshipped Okawaru.
Okawaru was noncommittal.
You were not hungry.

You visited 1 branch of the dungeon, and saw 3 of its levels.

You collected 92 gold pieces.

Inventory:

Hand Weapons
 a - a +0 quarterstaff (weapon)
Missiles
 d - 3 throwing nets (quivered)
Armour
 b - a +0 leather armour (worn)
 c - a +0 hat (worn)
Scrolls
 e - a scroll of enchant weapon {unknown}
 i - a scroll of amnesia {unknown}
 l - a scroll of teleportation {unknown}
 n - a scroll of identify {unknown}
 o - 2 scrolls of remove curse {unknown}
Potions
 h - a potion of curing {unknown}
 j - a potion of cure mutation {unknown}
 m - 2 potions of agility {unknown}
 p - a potion of brilliance {unknown}
Comestibles
 f - 4 bread rations
 g - a royal jelly
 q - a meat ration
 r - 2 fruits
 s - a beef jerky


   Skills:
 + Level 3.2 Fighting
 + Level 4.3 Staves
 - Level 2.0 Throwing
 + Level 2.3 Armour
 + Level 3.7 Dodging


You had 2 spell levels left.
You didn't know any spells.

Dungeon Overview and Level Annotations

Branches:
Dungeon (3/15)

Altars:
Dithmenos
Kikubaaqudgha
Okawaru

Annotations:
D:2 Natasha
D:3 Ijyb


Innate Abilities, Weirdness & Mutations

You reflexively headbutt those who attack you in melee.
You have a pair of horns on your head.


Message History

The shadow imp closely misses you.
You closely miss the shadow imp. Something barely misses you.
The shadow imp grinds its teeth.
The shadow imp closely misses you.
You hit the shadow imp but do no damage.
Something barely misses you.
The shadow imp hits you but does no damage.
Something claws you but does no damage.
The shadow imp hits you but does no damage.
A magic dart appears from out of thin air!
The magic dart hits you!
* * * LOW HITPOINT WARNING * * *
The shadow imp gestures at you. Pain shoots through your body!
* * * LOW HITPOINT WARNING * * *
Something claws you but does no damage. The shadow imp misses you.
A magic dart appears from out of thin air!
The magic dart hits you!
You die...

#.......###.# #.#..#
#.....8..##.# #.#..#
#..>(.....#(# #.#..#
#..)..8..(..# ##.#..#
#.......###.# ##.#<..#
##..8.......######.###..##
######....5..........## ##...
#...................#.###.###
#.####.##...@#####..##.#..# #
#.# #.####...####..###...# #
#.# #..............# ##..# #
###.#
######...#####.####..###
#...# ##.## #.......... #.###
#.# #.####..### #.# #)# ###.#
#..##. #)# #####.# #..)#
#..... #.#
#####.....####.#.####.....


You could see a shadow imp.

Vanquished Creatures
  Natasha (D:2)
  A worm (D:2)
  4 giant geckos
  2 giant cockroaches (D:2)
  4 goblins
  6 hobgoblins
  A quokka (D:2)
  3 ball pythons
  3 bats
  2 giant newts
  4 kobolds
  5 rats
36 creatures vanquished.

Notes
Turn   | Place    | Note
--------------------------------------------------------------
     0 | D:1      | Inkary the Minotaur Gladiator began the quest for the Orb.
     0 | D:1      | Reached XP level 1. HP: 18/18 MP: 0/0
   259 | D:1      | Reached XP level 2. HP: 25/25 MP: 1/1
   502 | D:2      | Reached skill level 4 in Staves
   514 | D:2      | Found a shadowy altar of Dithmenos.
   524 | D:2      | Reached skill level 1 in Armour
   625 | D:2      | Found an iron altar of Okawaru.
   638 | D:2      | Became a worshipper of Warmaster Okawaru
   675 | D:2      | Reached XP level 3. HP: 30/30 MP: 2/2
   698 | D:2      | Found an ancient bone altar of Kikubaaqudgha.
   717 | D:2      | Noticed Natasha
   721 | D:2      | Killed Natasha
  1201 | D:3      | Noticed Ijyb
  1206 | D:2      | Noticed Natasha
  1223 | D:2      | Killed from afar by Natasha

Skill      XL: |  1  2  3 |
---------------+----------+-----
Staves         | 4 |  4.3
Armour         | 1 2 |  2.3
Fighting       | 3 |  3.2
Throwing       | |  2.0
Dodging        | |  3.7

Action                   || total
-------------------------++-------
Melee: Quarterstaff      ||    69
       Headbutt          ||     5
  Eat: Chunk             ||     1
Armor: Leather armour    ||    23
Dodge: Dodged            ||    45
